 Dungeon Sprint DCSS version 0.29-a0-359-g541a27f54d (webtiles) character file.

Game seed: 9349150919166019465

1213 Zeldest the Grappler (level 8, -7/46 HPs)
             Began as a Vine Stalker Transmuter on Apr 27, 2022.
             Was an Initiate of Jiyva.
             Killed from afar by a deep elf pyromancer (22 damage)
             ... with a bolt of fire
             ... in the Dungeon (Sprint IX: "|||||||||||||||||||||||||||||").
             The game lasted 00:01:54 (211 turns).

Zeldest the Grappler (Vine Stalker Transmuter)       Turns: 211, Time: 00:01:55

Health: -7/46      AC:  6    Str: 19    XL:     8   Next: 46%
Magic:  0/21       EV: 15    Int: 16    God:    Jiyva [......]
Gold:   0          SH:  0    Dex: 14    Spells: 21/24 levels left

rFire   . . .      SeeInvis .     - Unarmed
rCold   . . .      Faith    .   (no shield)
rNeg    . . .      Spirit   +   b - +0 steam dragon scales
rPois   .          Reflect  .   (helmet currently unavailable)
rElec   .          Harm     .   (no cloak)
rCorr   .          Rampage  .   j - +0 pair of gloves
Will    +....      NoTele   +   (boots currently unavailable)
Stlth   +.........              (no amulet)
HPRegen 0.95/turn               m - +3 ring of intelligence
MPRegen 0.17/turn               n - +3 ring of strength

@: on fire, appendages, wereblooded, glowing
A: horns 2, talons 2, fangs 3, regeneration 1, magic shield, antimagic bite, no
potion heal 2
a: End Transformation, Renounce Religion


You were in the Dungeon.
You worshipped Jiyva.
Jiyva was noncommittal.
You had temporarily grown beastly horns and talons.
You visited 1 branch

Inventory:

Armour
 a - a +0 robe
 b - +0 steam dragon scales (worn)
 j - a +0 pair of gloves (worn)
 k - a +1 chain mail
 l - a +0 helmet (melded)
Jewellery
 m - a +3 ring of intelligence (left hand)
 n - a +3 ring of strength (right hand)
Wands
 i - a wand of iceblast (10)
Scrolls
 g - 2 scrolls of blinking
 h - 2 scrolls of amnesia
Potions
 c - 5 potions of curing
 d - a potion of haste
 e - 3 potions of magic


   Skills:
 + Level 7.5 Fighting
 + Level 7.0 Dodging
 + Level 8.8 Unarmed Combat
 + Level 8.5 Spellcasting
 + Level 8.4 Transmutations


You had 21 spell levels left.
You knew the following spells:

 Your Spells              Type           Power      Damage    Failure   Level
a - Beastly Appendage     Tmut           66%        N/A       1%          1
b - Wereblood             Tmut           33%        N/A       1%          2

Your spell library contained the following spells:

 Spells                   Type           Power      Damage    Failure   Level
 Spider Form              Tmut/Pois      20%        N/A       5%          3
 Ice Form                 Ice/Tmut       20%        N/A       19%         4


Dungeon Overview and Level Annotations

Branches:
Dungeon (1/1)

Altars:
Cheibriados
Dithmenos
Elyvilon
Fedhas
Gozag
Hepliaklqana
Kikubaaqudgha
Makhleb
Nemelex Xobeh
Okawaru
Qazlal
Ru
Sif Muna
Trog
Uskayaw
Vehumet
Wu Jian
Xom
Yredelemnul
Zin
The Shining One
Beogh
Jiyva
Lugonu


Innate Abilities, Weirdness & Mutations

You have temporarily grown beastly horns and talons.
You have razor-sharp teeth.
Your natural rate of healing is unusually fast.
When hurt, damage is shared between your health and your magic reserves.
Your bite disrupts and absorbs the magic of your enemies.
Potions cannot restore your health.


Message History

The deep elf pyromancer barely misses you.
Magic courses through your body.
The deep elf pyromancer hits you but does no damage.
You completely miss the deep elf pyromancer.
The deep elf pyromancer completely misses you.
You closely miss the deep elf pyromancer.
You headbutt the deep elf pyromancer.
Your bite misses the deep elf pyromancer.
The deep elf pyromancer is lightly wounded.
The deep elf pyromancer casts a spell at you.
The sticky flame hits you.
You are covered in liquid flames!
You hit the deep elf pyromancer.
Your kick misses the deep elf pyromancer.
You headbutt the deep elf pyromancer! You bite the deep elf pyromancer.
The deep elf pyromancer's magic leaks into the air.
You drain its magic.
You feel invigorated.
The deep elf pyromancer is heavily wounded.
You are covered in liquid flames!
The deep elf pyromancer hits you with a +0 short sword.
You closely miss the deep elf pyromancer.
You claw the deep elf pyromancer.
Your headbutt misses the deep elf pyromancer.
Your bite misses the deep elf pyromancer.
The deep elf pyromancer is heavily wounded.
You are covered in liquid flames!
The deep elf pyromancer hits you with a +0 short sword.
You miss the deep elf pyromancer.
The deep elf pyromancer is heavily wounded.
You are covered in liquid flames!
The deep elf pyromancer hits you with a +0 short sword.
You hit the deep elf pyromancer.
Your kick misses the deep elf pyromancer.
Your bite misses the deep elf pyromancer.
The deep elf pyromancer is severely wounded.
You are covered in liquid flames!
The deep elf pyromancer's magic is no longer disrupted.
The deep elf pyromancer gestures at you while chanting.
The bolt of fire hits you!!
You die...

▓.▓
▓.▓
▓)▓
▓.▓
▓.▓
▓.▓
▓.▓
▓.▓
▓@▓
▓e▓
▓B▓
▓9▓
▓H▓
▓C▓
▓c▓
▓.▓


You could see a boulder beetle, a centaur warrior, a manticore, a cyclops, a
deep elf pyromancer and a gargoyle.

Vanquished Creatures
  A two-headed ogre (D)
  2 yaks (D)
  A steam dragon (D)
  An ice beast (D)
  An ogre (D)
  A howler monkey (D)
  An iguana (D)
  A gnoll (D)
  A worm (D)
  4 bats (D)
  An endoplasm (D)
15 creatures vanquished.

Vanquished Creatures (others)
  A slime creature (D)
  A killer bee (D)
2 creatures vanquished.

Grand Total: 17 creatures vanquished

Notes
Turn   | Place    | Note
-------+----------+-------------------------------------------
     0 | D        | Zeldest the Vine Stalker Transmuter began the quest for the
                  | Orb.
     0 | D        | Reached XP level 1. HP: 9/9 MP: 4/4
     7 | D        | Reached skill level 1 in Fighting
    29 | D        | Noticed an ogre
    29 | D        | Noticed an iguana
    29 | D        | Noticed an ice beast
    32 | D        | Killed an ogre
    33 | D        | Reached XP level 2. HP: 9/16 MP: 6/8
    33 | D        | Reached XP level 3. HP: 11/20 MP: 6/9
    33 | D        | Gained mutation: Your natural rate of healing is unusually
                  | fast. [Vine Stalker growth]
    33 | D        | Reached XP level 4. HP: 14/24 MP: 7/11
    46 | D        | Reached skill level 5 in Unarmed Combat
    46 | D        | Reached XP level 5. HP: 17/29 MP: 5/13
    50 | D        | Killed an ice beast
    51 | D        | Reached skill level 5 in Spellcasting
    51 | D        | Reached skill level 5 in Transmutations
    55 | D        | Found a snail-covered altar of Cheibriados.
    55 | D        | Found a shadowy altar of Dithmenos.
    55 | D        | Found a white marble altar of Elyvilon.
    55 | D        | Found a blossoming altar of Fedhas.
    55 | D        | Found an opulent altar of Gozag.
    56 | D        | Found a hazy altar of Hepliaklqana.
    57 | D        | Found a viscous altar of Jiyva.
    58 | D        | Found an ancient bone altar of Kikubaaqudgha.
    59 | D        | Found a corrupted altar of Lugonu.
    60 | D        | Found a burning altar of Makhleb.
    61 | D        | Found a sparkling altar of Nemelex Xobeh.
    62 | D        | Found an iron altar of Okawaru.
    63 | D        | Found a stormy altar of Qazlal.
    64 | D        | Found a sacrificial altar of Ru.
    65 | D        | Became a worshipper of Jiyva Jypoh the Shapeless
    66 | D        | Found a shimmering blue altar of Sif Muna.
    67 | D        | Found a bloodstained altar of Trog.
    67 | D        | Killed a slime creature
    68 | D        | Found a hide-covered altar of Uskayaw.
    69 | D        | Found a radiant altar of Vehumet.
    70 | D        | Found an ornate altar of the Wu Jian Council.
    71 | D        | Found a shimmering altar of Xom.
    72 | D        | Found a basalt altar of Yredelemnul.
    73 | D        | Found a glowing silver altar of Zin.
    74 | D        | Found a glowing golden altar of the Shining One.
    82 | D        | Found the +8 whip "Snakebite" {venom, curare, rPois}
   120 | D        | Noticed a yak
   120 | D        | Noticed a yak
   120 | D        | Noticed a steam dragon
   120 | D        | Noticed a two-headed ogre
   131 | D        | Killed a yak
   132 | D        | Reached skill level 5 in Fighting
   132 | D        | Reached skill level 5 in Dodging
   132 | D        | Reached XP level 6. HP: 31/35 MP: 12/16
   140 | D        | Killed a yak
   141 | D        | Reached XP level 7. HP: 32/40 MP: 14/18
   147 | D        | Killed a two-headed ogre
   148 | D        | Gained mutation: You have razor-sharp teeth. [Vine Stalker
                  | growth]
   148 | D        | Reached XP level 8. HP: 23/46 MP: 5/21
   195 | D        | Learned a level 2 spell: Wereblood
   201 | D        | Noticed a deep elf pyromancer
   201 | D        | Noticed a gargoyle
   201 | D        | Noticed a boulder beetle
   201 | D        | Noticed a manticore
   201 | D        | Noticed a cyclops
   201 | D        | Noticed a centaur warrior
   211 | D        | Killed from afar by a deep elf pyromancer

Illustrated notes

Levels and vault maps discovered:
D:        linesprint [early_d, line_temple, items_1, d_10, items_2, lair_1,
          lair_end, items_3, orc_1, orc_end, items_4, d_15, swamp_1, shoals_1,
          snake_1, spider_1, d_20, vaults_1, items_5, swamp_end, shoals_end,
          snake_end, spider_end, vaults_end, d_27, items_6, zot_1, zot_end,
          crypt_end, forest_end, elf_end, slime_end, tomb_end, abyss_end,
          pan_hell_end]

Skill      XL: |  1  2  3  4  5  6  7  8 |
---------------+-------------------------+-----
Fighting       | 3 5 6 7 |  7.5
Dodging        | 3 5 6 7 |  7.0
Unarmed Combat | 4 5 6 7 8 |  8.8
Spellcasting   | 4 6 7 8 |  8.5
Transmutations | 4 6 8 |  8.4

Action                   |  1- 3 |  4- 6 |  7- 9 || total
-------------------------+-------+-------+-------++-------
Melee: Unarmed           |    19 |    34 |    21 ||    74
       Headbutt          |     3 |     1 |     2 ||     6
       Kick              |     2 |     8 |     1 ||    11
       Bite              |     1 |    12 |     1 ||    14
       Punch             |       |     2 |       ||     2
 Cast: Beastly Appendage |     2 |     1 |     1 ||     4
       Wereblood         |       |       |     1 ||     1
  Use: Potion            |     1 |     1 |     2 ||     4
 Stab: Invisible         |       |     1 |       ||     1
Armor: Robe              |     9 |     1 |       ||    10
       Chain mail        |       |     2 |       ||     2
       Skin              |       |       |    14 ||    14
       Steam dragon scal |       |       |     1 ||     1
Dodge: Dodged            |    17 |    19 |     4 ||    40

Table legend: (Time is in decaauts)
 A = Elapsed time spent in this place.
 B = Non-inter-level travel time spent in this place.
 C = Inter-level travel time spent in this place.
 D = Time resting spent in this place.
 E = Time spent auto-exploring this place.
 F = Levels seen in this place.
 G = Mean time per level.
                   A        B        C        D        E       F      G
               +--------+--------+--------+--------+--------+-----+--------+
         Total |    214 |    214 |      0 |      0 |      0 |   1 |  214.0 |
       Dungeon |    214 |    214 |      0 |      0 |      0 |   1 |  214.0 |
               +--------+--------+--------+--------+--------+-----+--------+

Top non-repeatable levels by time:
       D: 214 daAuts
